 Dungeon Crawl Stone Soup version 0.18-a0-1196-g09327cf (webtiles) character file.

7 Oddball22 the Caller (level 2, -1/17 HPs)
             Began as an Octopode Summoner on Jan 30, 2016.
             Slain by a kobold
             ... wielding a +0 short sword
              (4 damage)
             ... on level 1 of the Dungeon.
             The game lasted 00:01:43 (442 turns).

Oddball22 the Caller (Octopode Summoner)             Turns: 442, Time: 00:01:43

Health: -1/17      AC:  1    Str:  7    XL:     2   Next: 4%
Magic:  4/5        EV: 12    Int: 17    God:
Gold:   34         SH:  0    Dex: 12    Spells: 2 memorised, 2 levels left

rFire  . . .     SeeInvis .     (no weapon)
rCold  . . .     Gourm    .     (no shield)
rNeg   . . .     Faith    .     (helmet restricted)
rPois  .         Spirit   .     (no amulet)
rElec  .         Dismiss  .     (no ring)
rCorr  .         Reflect  .     (no ring)
SustAt .         Harm     .     (no ring)
MR     .....                    (no ring)
Stlth  +++.......               (no ring)
                                (no ring)
                                (no ring)
                                (no ring)

@: not resistant to hostile enchantments, fairly stealthy
A: almost no armour, amphibious, 8 rings, constrict 8, camouflage 1, gelatinous
body 1
a: no special abilities


You were on level 1 of the Dungeon.
You were not hungry.

You visited 1 branch of the dungeon, and saw 1 of its levels.

You collected 34 gold pieces.

Inventory:

Armour
 e - a +1 hat (quivered)
Scrolls
 c - a scroll of remove curse {unknown}
 d - a scroll of fog {unknown}
 g - a scroll of magic mapping {unknown}
Books
 a - a book of Callings

   Spells                             Type                      Level
   a - Summon Small Mammal            Summoning                    1
   b - Call Imp                       Summoning                    2
   c - Call Canine Familiar           Summoning                    3
   d - Summon Guardian Golem          Hexes/Summoning              3
   e - Summon Lightning Spire         Summoning/Air                4
   f - Summon Ice Beast               Ice/Summoning                4
Comestibles
 b - a bread ration
 f - 4 chunks of flesh


   Skills:
 - Level 2.0 Dodging
 - Level 2.6 Stealth
 + Level 2.2 Spellcasting
 * Level 4.2 Summonings


You had 2 spell levels left.
You knew the following spells:

 Your Spells              Type           Power        Failure   Level  Hunger
a - Summon Small Mammal   Summ           ###.         3%          1    #......
b - Call Imp              Summ           ###.....     6%          2    ###....


Dungeon Overview and Level Annotations

Branches:
Dungeon (1/15)

Altars:


Innate Abilities, Weirdness & Mutations

You cannot wear most types of armour.
You are amphibious.
You can wear up to eight rings at the same time.
You can use your tentacles to constrict eight enemies at once.
Your skin changes colour to match your surroundings (Stealth).
Your rubbery body absorbs attacks (AC +1).


Message History

The kobold barely misses you.
The bat struggles to escape constriction.
You tentacle-slap the bat but do no damage.
The bat is moderately wounded.
You constrict the kobold. You constrict the bat. The bat barely misses you.
The bat struggles to escape constriction.
The kobold hits you with a short sword.
* * * LOW HITPOINT WARNING * * *
The bat struggles to escape constriction.
You are too injured to fight recklessly!
You release your grip on the kobold.
You release your grip on the bat.
The bat completely misses you. The bat closely misses you. The bat hits you.
* * * LOW HITPOINT WARNING * * *
Casting: Summon Small Mammal
Confirm with . or Enter, or press ? or * to list all spells.
The bat hits you.
* * * LOW HITPOINT WARNING * * *
The bat closely misses your quokka. The kobold hits you with a short sword.
You die...

.##.###.#.##...................##
.##.# #...#######.###########..#
..#.####.#######...## #..#
#...................# #..#
..##.....##.#.##...## #..##
.###.#.....###.##.## #....
..##.######.#.r....## ##.##
..##.# #..#.....# #.# . #.#
#..bK@...##### #.# # #.#
#.#.##.......# ####.# #.# #
#.####.###.###....## #.# ..#
#.##.#.#.###... #### #...###..#
#.#( ####.#.#.###... #
##.###...... ...# #.# ##.....
.#.. #.# #.....


You could see a bat, a kobold and a friendly quokka.

Vanquished Creatures
  A giant gecko (D:1)
  A hobgoblin (D:1)
  2 bats (D:1)
  A giant newt (D:1)
  2 rats (D:1)
7 creatures vanquished.

Vanquished Creatures (collateral kills)
  A hobgoblin (D:1)
1 creature vanquished.

Grand Total: 8 creatures vanquished

Notes
Turn   | Place    | Note
--------------------------------------------------------------
     0 | D:1      | Oddball22 the Octopode Summoner began the quest for the Orb.
     0 | D:1      | Reached XP level 1. HP: 11/11 MP: 3/3
   339 | D:1      | Reached XP level 2. HP: 17/17 MP: 3/5
   390 | D:1      | Learned a level 2 spell: Call Imp
   442 | D:1      | Slain by a kobold

Vault maps used:
D:1:      minmay_arrival_shattered_statue, st_stairs_14, dk_noncrumbling_2

Action                   || total
-------------------------++-------
Melee: Unarmed           ||    25
 Cast: Summon Small Mamm ||     3
 Stab: Sleeping          ||     3
